 Dungeon Crawl Stone Soup version 0.28-a0-514-g0d7ab7f379 (webtiles) character file.

Game seed: 13110096714292511583

13828 Woods the Grappler (level 11, -5/91 HPs)
             Began as a Demonspawn Gladiator on Sept 22, 2021.
             Was a Priest of Ashenzari.
             Hit by a large rock thrown by a cyclops (22 damage)
             ... on level 12 of the Dungeon.
             The game lasted 00:31:15 (17868 turns).

Woods the Grappler (Demonspawn Gladiator)          Turns: 17868, Time: 00:31:16

Health: -5/91      AC:  2    Str: 17    XL:     11   Next: 80%
Magic:  13/13      EV: 13    Int: 11    God:    Ashenzari [***...]
Gold:   553        SH:  4    Dex: 14    Spells: 9/13 levels left

rFire   + . .      SeeInvis +     - Unarmed
rCold   . . .      Faith    .   (no shield)
rNeg    . . .      Spirit   .   j - +3 ring mail "Eternal With Me" {rPois, Melee, Evo} (curse)
rPois   +          Reflect  .   (helmet restricted)
rElec   .          Harm     .   (no cloak)
rCorr   .          Rampage  .   (no gloves)
Will    .....      Clarity  +   (boots unavailable)
Stlth   +.........              n - amulet of Supernal Knowledge {Acrobat, Evo, Comp} (curse)
HPRegen 0.25/turn               E - ring "Profound Dogma" {rF+, Cun, Comp} (curse)
MPRegen 0.13/turn               C - ring of the Lashed Black Moon {SInv, Fort, Range} (curse)

@: corroded
A: antennae 2, claws 2, talons 3, demonic guardian 1, condensation shield,
deformed body, poison resistance
a: Renounce Religion, Curse Item, Shatter the Chains


You were on level 12 of the Dungeon.
You worshipped Ashenzari.
Ashenzari was most pleased with you.
You visited 2 branches of the dungeon, and saw 13 of its levels.
You also visited: Bailey.

You collected 763 gold pieces.
You spent 210 gold pieces at shops.

Inventory:

Hand Weapons
 B - a +0 scimitar
Missiles
 d - 5 throwing nets (quivered)
Armour
 b - a +0 leather armour
 j - the cursed +3 ring mail "Eternal With Me" (worn) {rPois, Melee, Evo}
   (You found it on level 1 of the Dungeon)

   It has a curse which improves the following skills: Melee Combat: Short
   Blades, Long Blades, Axes, Maces & Flails, Polearms, Staves and Unarmed
   Combat.
   Evocations: Evocations.
 l - a +0 pair of gloves
 q - a +0 chain mail
 D - a +0 kite shield
Jewellery
 n - the cursed amulet of Supernal Knowledge (around neck) {Acrobat, Evo, Comp}
   (You found it on level 9 of the Dungeon)

   [amulet of the acrobat]

   It increases your evasion while moving and waiting.
   It has a curse which improves the following skills: Evocations: Evocations.
   Companions: Summonings and Necromancy.
 p - a +4 ring of evasion
 C - the cursed ring of the Lashed Black Moon (right claw) {SInv, Fort, Range}
   (You found it on level 7 of the Dungeon)

   [ring of see invisible]

   SInv:      It lets you see invisible.
   It has a curse which improves the following skills: Fortitude: Armour and
   Shields.
   Ranged Combat: Slings, Bows, Crossbows and Throwing.
 E - the cursed ring "Profound Dogma" (left claw) {rF+, Cun, Comp}
   (You found it on level 7 of the Dungeon)

   [ring of protection from fire]

   rF:        It protects you from fire.
   It has a curse which improves the following skills: Cunning: Dodging and
   Stealth.
   Companions: Summonings and Necromancy.
 F - a ring of fire
 I - a ring of ice
 L - a ring of resist corrosion
Wands
 u - a wand of flame (25)
 J - a wand of paralysis (4)
 K - a wand of acid (4)
Scrolls
 a - 3 scrolls of fear
 c - a scroll of summoning
 e - 2 scrolls of amnesia
 h - 8 scrolls of identify
 k - 2 scrolls of enchant armour
 m - a scroll of enchant weapon
 o - a scroll of brand weapon
 s - 2 scrolls of magic mapping
 w - 4 scrolls of teleportation
Potions
 f - a potion of cancellation
 r - a potion of berserk rage
 t - 6 potions of flight
 v - 3 potions of invisibility
 x - a potion of magic
 z - 3 potions of haste
 A - 2 potions of curing
 H - a potion of lignification
Miscellaneous
 y - a piece from Xom's chessboard (15/15)


   Skills:
 * Level 10.2 Fighting
 - Level 5.1(7.0) Long Blades
 - Level 1.7(3.1) Throwing
 * Level 1.9(3.3) Armour
 * Level 3.5(5.2) Dodging
 + Level 13.3(15.1) Unarmed Combat
 * Level 1.8 Spellcasting
 + Level 4.3(7.1) Necromancy


You had 9 spell levels left.
You knew the following spells:

 Your Spells              Type           Power      Damage    Failure   Level
a - Animate Dead          Necr           8%         N/A       28%         4

Your spell library contained the following spells:

 Spells                   Type           Power      Damage    Failure   Level
 Excruciating Wounds      Necr           8%         N/A       61%         5
 Portal Projectile        Hex/Tloc       2%         N/A       85%         3
 Borgnjor's Vile Clutch   Necr/Erth      4%         N/A       98%         5
 Hailstorm                Conj/Ice       1%         3d3       99%         4
 Ice Form                 Ice/Tmut       1%         N/A       99%         4
 Summon Ice Beast         Ice/Summ       1%         N/A       99%         4
 Death Channel            Necr           8%         N/A       99%         6
 Blade Hands              Tmut           0%         N/A       100%        5
 Summon Mana Viper        Hex/Summ       1%         N/A       100%        5
 Simulacrum               Ice/Necr       4%         N/A       100%        6
 Monstrous Menagerie      Summ           0%         N/A       100%        7


Dungeon Overview and Level Annotations

Branches:
Dungeon (12/15)            Temple (1/1) D:6            Lair (0/6) D:11
    Orc (0/2) D:11         Bailey (visited)

Altars:
Ashenzari
Cheibriados
Dithmenos
Elyvilon
Fedhas
Gozag
Hepliaklqana
Kikubaaqudgha
Makhleb
Nemelex Xobeh
Okawaru
Qazlal
Ru
Sif Muna
Trog
Uskayaw
Vehumet
Wu Jian
Xom
Yredelemnul
Zin
The Shining One

Shops:
D:5 [   D:9 !

Annotations:
D:9 3 runed translucent doors, SirDiesAlot's ghost, novice MiFi


Innate Abilities, Weirdness & Mutations

You have a pair of antennae on your head.
You have very sharp fingernails.
You have claws for feet.
A weak demonic guardian rushes to your aid.
A meltable shield of frost defends you. (SH +4)
Armour fits poorly on your strangely shaped body.
Your system is resistant to poisons. (rPois)


Message History

The orc warrior shouts!
The orc warrior hits you from afar with a +0 halberd!!
The orc warrior hits you from afar with a +0 bardiche!!
You block the orc warrior's attack.
There is a gate leading back out of this place here.
The orc warrior barely misses you. The orc warrior misses you.
The orc warrior completely misses you.
The orc knight roars a battlecry!
The orc warrior goes into a battle-frenzy!
The orc warrior hits you from afar with a +0 halberd!!
The orc warrior misses you.
Welcome back to the Dungeon!
There is an empty arch of ancient stone here.
A troll comes into view.
A troll is nearby!
A troll is nearby!
A troll is nearby!
You enter the shallow water.
Moving in this stuff is going to be slow.
Items here: )))) รทรทรทรท.
Things that are here:
a +0 mace; an acid dragon skeleton A cyclops comes into view.
The cyclops shouts!
There is a stone staircase leading up here.
The acid dragon roars!
The acid dragon spits acid at you. The splash of acid hits you!!
* * * LOW HITPOINT WARNING * * *
A demonic guardian appears!
The acid corrodes you!
You see here 3 poisoned darts.
Your hellwing hits the cyclops!
Your hellwing hits the cyclops but does no damage.
Your hellwing hits the cyclops.
Your hellwing hits the cyclops but does no damage.
You see here 3 poisoned darts.
Your hellwing hits the cyclops. Your hellwing hits the cyclops!
There is a stone staircase leading up here.
The cyclops throws a large rock.
The large rock hits you!!
You die...

...................'..
.#.######.#.....##.#..
, *
..........#...........
,,
.....................,
, ,
.............D...### ,
...............4...# ,
.#..............C#.# *
, .#..#####.######(#,
, , .#..# #.# #@# ,,*
, .#..# #.# #.# * ,* ,
.##.# #.# #.# , ,
.##.# #.# #.# , . #.#
#.# #.# * , #.. #.#
#.# , #. #.# * * ,, ,
#)# , , * #.# * ***


You could see a cyclops (ally target), an acid dragon and a friendly hellwing
(summoned).

Vanquished Creatures
  Fannar (D:10)
  Harold (D:10)
  A two-headed ogre (D:11)
  2 gargoyles
  Psyche (D:10)
  A komodo dragon (D:11)
  3 trolls
  Grinder (D:3)
  4 slime creatures (D:10)
  A vampire (D:12)
  A wraith (D:11)
  25 yaks
  A hog (D:12)
  A steam dragon (D:8)
  2 vampire mosquitoes (D:10)
  2 water moccasins
  2 acid dragons
  3 ice beasts
  8 orc warriors
  A necrophage (D:6)
  3 centaurs
  An ogre (D:5)
  2 wolves
  4 kobold brigands
  2 scorpions
  A wyvern zombie (D:9)
  A gnoll sergeant (D:9)
  A water moccasin zombie (D:6)
  A water moccasin skeleton (D:5)
  A wyvern skeleton (D:6)
  8 wights
  An electric eel (D:11)
  A bullfrog zombie (D:5)
  2 centaur zombies
  A centaur skeleton (D:6)
  A jelly (D:7)
  6 hounds
  9 orc priests
  2 bullfrog skeletons
  A gnoll shaman (D:8)
  A scorpion zombie (D:5)
  3 iguanas
  Natasha (D:2)
  3 orc wizards
  2 howler monkey zombies
  4 adders
  6 gnolls
  A howler monkey skeleton (D:5)
  A shadow imp (D:6)
  2 white imps (D:6)
  2 worms
  7 dart slugs
  58 orcs
  12 bats
  6 endoplasms
  3 giant cockroaches
  10 goblins
  9 hobgoblins
  4 jackals (D:2)
  4 quokkas
  3 ball pythons
  7 frilled lizards
  29 kobolds
  5 rats
294 creatures vanquished.

Vanquished Creatures (collateral kills)
  A hydra (D:11)
  A gnoll (D:9)
  An orc (D:11)
  4 goblins (D:12)
7 creatures vanquished.

Grand Total: 301 creatures vanquished

Notes
Turn   | Place    | Note
-------+----------+-------------------------------------------
     0 | D:1      | Woods the Demonspawn Gladiator began the quest for the Orb.
     0 | D:1      | Reached XP level 1. HP: 16/16 MP: 1/1
    85 | D:1      | Gained mutation: A meltable shield of frost defends you.
                  | (SH +4) [demonic ancestry]
    85 | D:1      | Reached XP level 2. HP: 16/23 MP: 2/2
   589 | D:1      | Found a faded altar of an unknown god.
   813 | D:2      | Found an iron altar of Okawaru.
   817 | D:2      | Gained mutation: You have a pair of small antennae on your
                  | head. [demonic ancestry]
   817 | D:2      | Reached XP level 3. HP: 28/28 MP: 3/3
  1056 | D:2      | Noticed a scorpion
  1070 | D:2      | Killed a scorpion
  1071 | D:2      | Gained mutation: You have sharp toenails. [demonic
                  | ancestry]
  1071 | D:2      | Reached XP level 4. HP: 28/37 MP: 4/4
  1312 | D:2      | Reached XP level 5. HP: 39/42 MP: 5/5
  1569 | D:2      | Noticed Natasha
  1588 | D:2      | Killed Natasha
  1898 | D:3      | Noticed Grinder
  1916 | D:3      | Paralysed by Grinder for 5 turns
  1932 | D:3      | Killed Grinder
  1933 | D:3      | Reached skill level 5 in Fighting
  1933 | D:3      | Reached skill level 5 in Long Blades
  1933 | D:3      | Gained mutation: You have sharp fingernails. [demonic
                  | ancestry]
  1933 | D:3      | Reached XP level 6. HP: 28/51 MP: 6/6
  3288 | D:5      | Entered Level 5 of the Dungeon
  3310 | D:5      | Reached skill level 1 in Unarmed Combat
  3464 | D:5      | Reached skill level 2 in Unarmed Combat
  3464 | D:5      | Gained mutation: You have razor-sharp toenails. [demonic
                  | ancestry]
  3464 | D:5      | Reached XP level 7. HP: 56/56 MP: 7/7
  3607 | D:5      | Found Mapsigri's Armour Boutique.
  3639 | D:5      | Reached skill level 3 in Unarmed Combat
  4408 | D:5      | Reached skill level 4 in Unarmed Combat
  4738 | D:6      | Found a shimmering altar of Xom.
  5012 | D:6      | Identified the +0 leather armour of Greater Demons {rC-
                  | Str+5 Dex+7}
  5037 | D:6      | Gained mutation: You have claws for feet. [demonic
                  | ancestry]
  5037 | D:6      | Reached XP level 8. HP: 55/65 MP: 8/8
  5391 | D:6      | Found a staircase to the Ecumenical Temple.
  5481 | D:6      | Reached skill level 5 in Unarmed Combat
  5533 | Temple   | Entered the Ecumenical Temple
  5847 | Temple   | Became a worshipper of Ashenzari the Shackled
  5853 | Temple   | Learned a level 4 spell: Animate Dead
  5979 | D:6      | Reached skill level 1 in Necromancy
  6724 | D:7      | Reached skill level 6 in Unarmed Combat
  7055 | D:7      | Gained mutation: You have very sharp fingernails. [demonic
                  | ancestry]
  7055 | D:7      | Reached XP level 9. HP: 31/74 MP: 9/9
  8362 | D:8      | Reached * piety under Ashenzari
  8879 | D:8      | Reached skill level 7 in Unarmed Combat
  9516 | D:9      | Noticed a troll
  9526 | D:8      | HP: 3/75 [troll (8)]
  9537 | D:8      | HP: 4/112 [troll (4)]
  9538 | D:8      | Killed a troll
  9558 | D:8      | Identified the cursed +3 ring mail "Eternal With Me"
                  | {rPois, Melee, Evo} (You found it on level 1 of the
                  | Dungeon)
 10234 | D:9      | Reached skill level 8 in Unarmed Combat
 10242 | D:9      | Reached ** piety under Ashenzari
 10252 | D:9      | Gained mutation: A weak demonic guardian rushes to your
                  | aid. [demonic ancestry]
 10252 | D:9      | Reached XP level 10. HP: 10/84 MP: 10/10
 10833 | D:9      | Found Nodd's Distillery.
 10842 | D:9      | Bought a potion of curing for 45 gold pieces
 10842 | D:9      | Bought a potion of heal wounds for 75 gold pieces
 10842 | D:9      | Bought a potion of lignification for 45 gold pieces
 10842 | D:9      | Bought a potion of lignification for 45 gold pieces
 10977 | D:9      | Found a runed translucent gate.
 10983 | D:9      | Found a runed translucent gate.
 10983 | D:9      | Found a runed translucent gate.
 10983 | D:9      | Noticed SirDiesAlot's ghost (novice MiFi)
 11009 | D:9      | Reached *** piety under Ashenzari
 11511 | D:9      | Reached skill level 10 in Fighting
 11524 | D:9      | Reached skill level 9 in Unarmed Combat
 11897 | D:10     | Entered Level 10 of the Dungeon
 11971 | D:10     | Noticed Fannar
 11984 | D:10     | Killed Fannar
 12237 | D:10     | Reached skill level 10 in Unarmed Combat
 12541 | D:10     | Noticed Harold
 12571 | D:10     | Killed Harold
 12804 | D:10     | Reached skill level 11 in Unarmed Combat
 13133 | D:10     | Gained mutation: You have a pair of antennae on your head.
                  | [demonic ancestry]
 13133 | D:10     | Reached XP level 11. HP: 65/90 MP: 11/11
 13290 | D:10     | Noticed Psyche
 13295 | D:10     | Paralysed by Psyche for 6 turns
 13319 | D:10     | Killed Psyche
 14087 | D:11     | Noticed a four-headed hydra
 14563 | D:10     | Reached skill level 12 in Unarmed Combat
 14747 | D:11     | Gained mutation: Armour fits poorly on your strangely
                  | shaped body. [potion of mutation]
 14747 | D:11     | Gained mutation: Your system is resistant to poisons.
                  | (rPois) [potion of mutation]
 14759 | D:11     | Killed a four-headed hydra
 15433 | D:11     | Noticed a two-headed ogre
 15449 | D:11     | Killed a two-headed ogre
 15799 | D:11     | Reached skill level 13 in Unarmed Combat
 16444 | D:11     | Reached skill level 1 in Armour
 16503 | D:11     | Found a staircase to the Orcish Mines.
 16514 | D:11     | Reached skill level 1 in Spellcasting
 17085 | D:11     | Found a staircase to the Lair.
 17390 | D:12     | HP: 4/90 [acid dragon (12)]
 17804 | D:12     | Found a flagged portal.
 17815 | Bailey   | Entered a bailey
 17815 | Bailey   | Noticed an orc knight
 17817 | Bailey   | Noticed an orc knight
 17868 | D:12     | Hit by a large rock thrown by a cyclops

Illustrated notes

Levels and vault maps discovered:
D:1:      lightli_arrival_flooded_house, layout_rooms,
          shapermc_ecumenical_altar_pompeii, st_stairs_10
D:2:      minmay_wonky_spiral, layout_rooms, basic_altar,
          grunt_decor_resistance, minmay_misc_feat_nine_boxes, eino_curves_04,
          kennysheep_generic_room_12, uniq_natasha
D:3:      layout_basic, uniq_grinder
D:4:      layout_basic
D:5:      layout_loops_ring, serial_shops, shop
D:6:      layout_cave_pods, xom_butterflies,
          minmay_temple_entry_statues_pillars, minivault_11,
          kennysheep_generic_room_11
D:7:      layout_basic
D:8:      layout_basic, serial_corexii_hall, chequers_hall_statues_wall_a,
          chequers_hall_statues_corner_a
D:9:      layout_irregular_city, gammafunk_ghost_spectres, serial_shops,
          nicolae_diamond_shop
D:10:     layout_basic, uniq_harold, uniq_fannar, uniq_psyche
D:11:     layout_rooms, erik_lair_island, hiddenorc2_lemuel,
          minmay_misc_feat_cross, chequers_serial_rivers_micro_c,
          minmay_misc_feat_square
D:12:     layout_basic, enter_bailey_5, nrook_guardian_serpent_ordinary,
          uniq_kirke
Temple:   nicolae_temple_the_god_donut

Skill      XL: |  1  2  3  4  5  6  7  8  9 10 11 |
---------------+----------------------------------+-----
Long Blades    | 3 4 5 |  5.1
Fighting       | 3 5 6 7 9 10 | 10.2
Unarmed Combat | 2 4 6 8 11 13 | 13.3
Necromancy     | 2 4 |  4.3
Dodging        | 3 |  3.5
Armour         | 1 |  1.9
Spellcasting   | 1 |  1.8
Throwing       | |  1.7

Action                   |  1- 3 |  4- 6 |  7- 9 | 10-12 || total
-------------------------+-------+-------+-------+-------++-------
Melee: Long sword        |   105 |   171 |   124 |       ||   400
       Kick              |       |    38 |   134 |    98 ||   270
       Punch             |       |       |     7 |    24 ||    31
       Scimitar          |       |       |   121 |       ||   121
       Unarmed           |       |       |   151 |   359 ||   510
 Cast: Animate Dead      |       |       |       |     1 ||     1
Invok: Curse Item        |       |       |     3 |     1 ||     4
Evoke: Wand              |       |       |       |     4 ||     4
  Use: Scroll            |       |     6 |     1 |     4 ||    11
       Potion            |       |     1 |     4 |     6 ||    11
Armor: Leather armour    |    16 |       |       |       ||    16
       Ring mail         |    16 |    59 |   138 |    41 ||   254
       Skin              |       |       |    18 |     8 ||    26
Dodge: Dodged            |    78 |    88 |   215 |   186 ||   567
Block: Other             |    21 |    35 |    78 |    41 ||   175

Table legend: (Time is in decaauts)
 A = Elapsed time spent in this place.
 B = Non-inter-level travel time spent in this place.
 C = Inter-level travel time spent in this place.
 D = Time resting spent in this place.
 E = Time spent auto-exploring this place.
 F = Levels seen in this place.
 G = Mean time per level.
                   A        B        C        D        E       F      G
               +--------+--------+--------+--------+--------+-----+--------+
         Total |  17884 |  17238 |    646 |   5974 |   7938 |  14 | 1277.4 |
       Dungeon |  17547 |  16905 |    642 |   5974 |   7739 |  12 | 1462.2 |
        Temple |    325 |    321 |      4 |      0 |    199 |   1 |  325.0 |
        Bailey |     10 |     10 |      0 |      0 |      0 |   1 |   10.0 |
               +--------+--------+--------+--------+--------+-----+--------+

Top non-repeatable levels by time:
    D:10: 3842 daAuts
     D:8: 2398 daAuts
    D:11: 1871 daAuts
     D:6: 1820 daAuts
     D:9: 1439 daAuts
     D:5: 1424 daAuts
     D:7: 1208 daAuts
     D:3: 1021 daAuts
     D:2: 847 daAuts
     D:1: 826 daAuts
     D:4: 647 daAuts
  Temple: 325 daAuts
    D:12: 198 daAuts
  Bailey: 10 daAuts
